 Dungeon Crawl Stone Soup version 0.23.2-40-g277498a (webtiles) character file.

Game seed: 6950259547252089774

257 muata the Cudgeler (level 5, -2/45 HPs)
             Began as a Minotaur Gladiator on Oct 12, 2019.
             Slain by a gnoll
             ... wielding a +0 spear
              (3 damage)
             ... on level 4 of the Dungeon.
             The game lasted 00:22:02 (2474 turns).

muata the Cudgeler (Minotaur Gladiator)             Turns: 2474, Time: 00:22:03

Health: -2/45      AC:  6    Str: 20 (23) XL:     5   Next: 93%
Magic:  4/4        EV: 11    Int:  4 (5)  God:
Gold:   170        SH:  0    Dex:  8 (11) Spells: 4/4 levels left

rFire    . . .     SeeInvis .   a - +0 flail
rCold    . . .     Gourm    .   (no shield)
rNeg     . . .     Faith    .   m - +0 scale mail
rPois    .         Spirit   .   c - +0 hat
rElec    .         Reflect  .   (no cloak)
rCorr    .         Harm     .   (no gloves)
MR       .....                  (no boots)
Stlth    ..........             (no amulet)
HPRegen  0.15/turn              h - +3 ring of strength
MPRegen  0.09/turn              (no ring)

@: no status effects
A: retaliatory headbutt, horns 2
a: no special abilities


You were on level 4 of the Dungeon.
You were not hungry.

You visited 1 branch of the dungeon, and saw 4 of its levels.

You collected 170 gold pieces.

Inventory:

Hand Weapons
 a - a +0 flail (weapon)
 g - a cursed -1 short sword
 i - a +0 whip
 j - a +0 club
 k - a cursed -3 club
 l - a +0 halberd
 v - a +0 hand axe
 w - a +0 dagger
 y - a +0 spear
 z - a +0 spear
Missiles
 d - 3 throwing nets (quivered)
 o - 63 stones
Armour
 b - a +0 leather armour
 c - a +0 hat (worn)
 m - a +0 scale mail (worn)
Jewellery
 h - a +3 ring of strength (left hand)
 p - an uncursed amulet of the acrobat
 x - an uncursed amulet of the acrobat
Scrolls
 q - a scroll of fog {unknown}
 r - 3 scrolls of remove curse
 t - a scroll of blinking {unknown}
 u - a scroll of enchant armour {unknown}
 A - a scroll of enchant weapon {unknown}
Potions
 e - a potion of degeneration
 n - 3 potions of invisibility {unknown}
 s - a potion of brilliance {unknown}
 B - a potion of agility {unknown}
 C - a potion of cancellation {unknown}
Comestibles
 f - 3 rations


   Skills:
 + Level 3.6 Fighting
 + Level 5.7 Maces & Flails
 + Level 2.0 Throwing
 + Level 3.2 Armour
 + Level 4.3 Dodging
 + Level 0.3 Stealth


You had 4 spell levels left.
You didn't know any spells.
Your spell library was empty.

Dungeon Overview and Level Annotations

Branches:
Dungeon (4/15)
 Temple: D:4-7

Altars:
Elyvilon
Makhleb


Innate Abilities, Weirdness & Mutations

You reflexively headbutt those who attack you in melee.
You have a pair of horns on your head.


Message History

The gnoll barely misses you.
You hit the gnoll.
The gnoll is moderately wounded.
The gnoll closely misses you. You furiously retaliate!
You headbutt the gnoll. The gnoll barely misses you. You furiously retaliate!
You headbutt the gnoll! You barely miss the gnoll.
The gnoll is heavily wounded.
The gnoll hits you with a +0 spear.
* * * LOW HITPOINT WARNING * * *
The gnoll misses you. You furiously retaliate!
You headbutt the gnoll, but do no damage.
The gnoll hits you but does no damage.
The gnoll hits you from afar with a +0 halberd.
* * * LOW HITPOINT WARNING * * *
You see here 10 gold pieces.
It was a potion of degeneration.
There was something very wrong with that liquid.
You feel weakened.
You feel dopey.
You feel clumsy.
The gnoll hits you from afar with a +0 spear.
You die...

##.. #... ..# # #...
##.P# #.#... #...+
#.#... ######..P#
..... #........#
##... #........###
##... #.@........#
##....
#..†......####.....
#.gg...........#...
#.........#######..
###.....#.# ##.
#........# ##
#..#..#...# #######
#....#..###.###......
#..>.##..#
#.....#####


You could see 2 gnolls.

Vanquished Creatures
  A bullfrog zombie (D:2)
  An orc priest (D:3)
  Terence (D:3)
  6 gnolls
  2 adders
  An ooze (D:3)
  2 worms
  A dart slug (D:1)
  A leopard gecko (D:1)
  4 orcs (D:3)
  4 giant cockroaches
  9 goblins
  7 hobgoblins
  3 jackals (D:3)
  14 kobolds
  8 bats
  7 frilled lizards
  A quokka skeleton (D:4)
  12 rats
85 creatures vanquished.

Notes
Turn   | Place    | Note
-------+----------+-------------------------------------------
     0 | D:1      | muata the Minotaur Gladiator began the quest for the Orb.
     0 | D:1      | Reached XP level 1. HP: 18/18 MP: 0/0
   230 | D:1      | Reached XP level 2. HP: 25/25 MP: 1/1
   265 | D:1      | Reached skill level 4 in Maces & Flails
   608 | D:1      | Reached skill level 1 in Armour
   608 | D:1      | Reached XP level 3. HP: 25/30 MP: 2/2
  1127 | D:2      | Found a faded altar of an unknown god.
  1456 | D:2      | Reached XP level 4. HP: 28/38 MP: 3/3
  1722 | D:3      | Found a white marble altar of Elyvilon.
  1796 | D:3      | Noticed Terence
  1813 | D:3      | Killed Terence
  1813 | D:3      | Reached skill level 5 in Maces & Flails
  1815 | D:3      | Reached XP level 5. HP: 44/45 MP: 4/4
  2170 | D:3      | Found a burning altar of Makhleb.
  2473 | D:4      | HP: 1/45 [gnoll/+0 halberd (4)]
  2474 | D:4      | Slain by a gnoll

Skill      XL: |  1  2  3  4  5 |
---------------+----------------+-----
Maces & Flails | 4 5 |  5.7
Armour         | 1 2 3 |  3.2
Dodging        | 4 |  4.3
Fighting       | 3 |  3.6
Throwing       | |  2.0
Stealth        | |  0.3

Action                   |  1- 3 |  4- 6 || total
-------------------------+-------+-------++-------
Melee: Flail             |    92 |    78 ||   170
       Headbutt          |    12 |    10 ||    22
  Use: Scroll            |     3 |     5 ||     8
       Potion            |       |     1 ||     1
  Eat: Ration            |     1 |     1 ||     2
Armor: Leather armour    |    18 |       ||    18
       Scale mail        |    23 |    37 ||    60
Dodge: Dodged            |    89 |    95 ||   184
